 Dungeon Crawl Stone Soup version 0.23.2-33-g5129a83184 (webtiles) character file.

Game seed: 1873158966595029563

169 psyvane the Bolt Thrower (level 5, -7/29 HPs)
             Began as a Kobold Arcane Marksman on July 6, 2019.
             Killed by divine providence
             ... invoked by an orc priest
              (14 damage)
             ... on level 4 of the Dungeon.
             The game lasted 00:23:55 (4717 turns).

psyvane the Bolt Thrower (Kobold Arcane Marksman)   Turns: 4717, Time: 00:23:55

Health: -7/29      AC:  3    Str:  7    XL:     5   Next: 79%
Magic:  6/6        EV: 15    Int: 12    God:
Gold:   136        SH:  0    Dex: 17    Spells: 0/6 levels left

rFire    . . .     SeeInvis .   c - +0 dagger
rCold    . . .     Gourm    .   (shield restricted)
rNeg     . . .     Faith    .   e - +0 robe
rPois    .         Spirit   .   (no helmet)
rElec    .         Reflect  .   (no cloak)
rCorr    .         Harm     .   (no gloves)
MR       .....                  j - +0 pair of boots
Stlth    ++........             (no amulet)
HPRegen  0.09/turn              n - -2 ring of intelligence (curse)
MPRegen  0.10/turn              (no ring)

@: no status effects
A: small, carnivore
a: no special abilities


You were on level 4 of the Dungeon.
You were not hungry.

You visited 1 branch of the dungeon, and saw 4 of its levels.

You collected 136 gold pieces.

Inventory:

Hand Weapons
 a - a +0 hand crossbow
 c - a +0 dagger (weapon)
Missiles
 b - 7 poisoned needles (quivered)
 i - a bolt
Armour
 e - a +0 robe (worn)
 j - a +0 pair of boots (worn)
Jewellery
 n - a cursed -2 ring of intelligence (left hand)
Scrolls
 d - a scroll of enchant weapon {unknown}
 g - a scroll of identify
 m - a scroll of remove curse {unknown}
Potions
 h - 2 potions of curing {unknown}
 k - a potion of ambrosia {unknown}
 l - a potion of agility {unknown}
Comestibles
 f - 5 rations


   Skills:
 - Level 1.1 Fighting
 * Level 0.1 Short Blades
 - Level 5.2 Crossbows
 - Level 2.4 Dodging
 - Level 1.4 Stealth
 - Level 1.1 Spellcasting
 * Level 4.0 Hexes
 * Level 1.3 Translocations


You couldn't memorise any spells.
You knew the following spells:

 Your Spells              Type           Power        Failure   Level  Hunger
a - Corona                Hex            ##.....      6%          1    ##.....
b - Slow                  Hex            ##......     9%          2    ###....
c - Portal Projectile     Hex/Tloc       #.....       30%         3    ####...

Your spell library contained the following spells:

 Spells                   Type           Power        Failure   Level  Hunger
 Inner Flame              Hex/Fire       #.......     36%         3    ####...
 Cause Fear               Hex            ##........   50%         4    #####..
 Leda's Liquefaction      Hex/Erth       #.........   78%         4    #####..


Dungeon Overview and Level Annotations

Branches:
Dungeon (4/15)
 Temple: D:4-7

Altars:
Xom

Shops:
D:4 (

Annotations:
D:4 Edmund


Innate Abilities, Weirdness & Mutations

You are small and have problems with some larger weapons.
You are carnivorous and can eat meat at any time.


Message History

Unknown command.
You open the door. You open the door.
There is an open door here.
An orc priest and an orc wizard come into view.
The orc priest shouts!
Found a potion of invisibility.
The orc priest invokes the aid of Beogh against you.
Beogh smites you!
You eat one of the 6 rations.
That ration really hit the spot!
The orc priest invokes the aid of Beogh against you.
Beogh smites you!
* * * LOW HITPOINT WARNING * * *
You hear a shout!
An adder comes into view.
Edmund the Younger comes into view.
He is wielding a +0 dire flail of holy wrath and wearing a +2 leather armour of fire resistance.
Edmund shouts!
The orc priest mumbles some strange prayers to Beogh against you.
Beogh smites you!
You die...

.# #.# #.# . #.##
.. #..
S..######.######
...............#
.@......@.#
#........#
#######..#####.#
#....###.# #.#
#....# #.# #.##
#....# #.# #..+
#....###.#####o##
#.
#......o.......#
#.
#....####.####.#
#.


You could see Edmund and an orc priest.

Vanquished Creatures
  Jessica (D:2)
  A gnoll (D:4)
  5 adders
  5 dart slugs
  3 leopard geckos
  A ball python (D:1)
  4 bats
  5 giant cockroaches
  8 hobgoblins
  5 jackals
  16 kobolds
  4 frilled lizards
  9 goblins
  11 rats
78 creatures vanquished.

Vanquished Creatures (others)
  6 toadstools (D:3)
6 creatures vanquished.

Grand Total: 84 creatures vanquished

Notes
Turn   | Place    | Note
-------+----------+-------------------------------------------
     0 | D:1      | psyvane the Kobold Arcane Marksman began the quest for the
                  | Orb.
     0 | D:1      | Reached XP level 1. HP: 12/12 MP: 2/2
   111 | D:1      | Reached XP level 2. HP: 16/16 MP: 3/3
   115 | D:1      | Learned a level 2 spell: Slow
   171 | D:1      | Reached skill level 3 in Crossbows
   336 | D:1      | Reached XP level 3. HP: 20/20 MP: 4/4
   472 | D:1      | Reached skill level 4 in Crossbows
   633 | D:2      | Reached XP level 4. HP: 21/25 MP: 5/5
   817 | D:2      | Noticed Jessica
   818 | D:2      | Killed Jessica
   818 | D:2      | Reached skill level 5 in Crossbows
  1319 | D:2      | Reached skill level 1 in Stealth
  1319 | D:2      | Reached XP level 5. HP: 11/29 MP: 6/6
  1869 | D:2      | Learned a level 3 spell: Portal Projectile
  2463 | D:3      | Reached skill level 1 in Translocations
  2751 | D:3      | Found a shimmering altar of Xom.
  2752 | D:3      | Found a shimmering altar of Xom.
  4673 | D:4      | Found Igapn's Weapon Boutique.
  4716 | D:4      | Noticed Edmund
  4717 | D:4      | Killed from afar by an orc priest

Skill      XL: |  1  2  3  4  5 |
---------------+----------------+-----
Crossbows      | 3 4 5 |  5.2
Stealth        | 1 |  1.4
Translocations | 1 |  1.3
Hexes          | 4 |  4.0
Fighting       | |  1.1
Short Blades   | |  0.1
Dodging        | |  2.4
Spellcasting   | |  1.1

Action                   |  1- 3 |  4- 6 || total
-------------------------+-------+-------++-------
Melee: Dagger            |       |   362 ||   362
 Fire: Hand crossbow     |    62 |    45 ||   107
 Cast: Corona            |       |    11 ||    11
       Slow              |       |     2 ||     2
  Use: Scroll            |       |     5 ||     5
       Potion            |       |     5 ||     5
  Eat: Chunk             |       |    11 ||    11
       Ration            |       |     1 ||     1
Armor: Robe              |       |    55 ||    55
Dodge: Dodged            |    14 |   293 ||   307
